 Seeded DCSS version 0.30.1-6-gbe392663c4 (webtiles) character file.

Game seed: 6351066067085065685 (custom seed)

300832 Esekla the Archmage (level 20, -6/122 HPs)
             Began as a Deep Elf Wanderer on Sept 20, 2023.
             Was the Champion of Vehumet.
             Killed from afar by a quicksilver dragon (44 damage)
             ... with a bolt of dispelling energy
             ... on level 4 of the Vaults on Sept 21, 2023.
             The game lasted 06:30:40 (37916 turns).

Esekla the Archmage (Deep Elf Wanderer)            Turns: 37916, Time: 06:30:40

Health: -6/122     AC: 31    Str:  9    XL:     20   Next: 18%
Magic:  42/53      EV: 14    Int: 34    God:    Vehumet [******]
Gold:   2222       SH:  0    Dex: 11    Spells: 7/73 levels left

rFire   + + .        a - +12 pair of quick blades "Gyre" and "Gimble" {protect}
rCold   + . .        (shield currently unavailable)
rNeg    + . .        Y - +1 ring mail "Uronn" {rF+ Regen+ Int+3}
rPois   +            O - +2 helmet {Int+3}
rElec   +            b - +2 cloak {Stlth+}
rCorr   .            W - +2 pair of gloves "Seteklek" {rF+ rC+}
SInv    .            k - +2 pair of boots {rampage}
Will    ++...        A - amulet of magic regeneration
Stlth   +++          Z - ring of Greed {rElec rPois rN+ AC+4 Str-2}
HPRegen 1.20/turn    N - ring of the Mage {Wiz Archmagi}
MPRegen 0.73/turn

%: rampage, wizardry (x1), archmagi
@: wereblooded (expiring), under a protective aura, very slightly contaminated
A: no striking features
}: 2/15 runes: barnacled, gossamer
a: Renounce Religion


You were on level 4 of the Vaults.
You worshipped Vehumet.
Vehumet was exalted by your worship.
You visited 6 branches of the dungeon, and saw 32 of its levels.
You visited 1 bazaar.
You also visited: Trove and Bailey.

You collected 6369 gold pieces.
You spent 4147 gold pieces at shops.

Inventory:

Hand Weapons
 a - the +12 pair of quick blades "Gyre" and "Gimble" (weapon) {protect}
   (You found it in a treasure trove)
 e - a +7 demon blade of electrocution
 f - a +4 scimitar of flaming
 r - a +4 trident of venom
 s - the +8 Vampire's Tooth {megavamp}
   (You bought it in a shop in a bazaar)
Missiles
 q - 6 curare-tipped darts
 v - 72 poisoned darts
 K - 28 boomerangs (quivered)
Armour
 b - a +2 cloak of stealth (worn)
 g - a scarf of repulsion
 k - a +2 pair of boots of rampaging (worn)
 O - a +2 helmet of intelligence (worn)
 U - the +0 mask of the Dragon {Will+ Slay+3 SInv}
   (You bought it in a shop in a bazaar)

   Slay:      It affects your accuracy & damage with ranged weapons and melee
   (+3).
   SInv:      It lets you see invisible.
   Will:      It increases your willpower.
 W - the +2 pair of gloves "Seteklek" (worn) {rF+ rC+}
   (You found it in a treasure trove)

   rF:        It protects you from fire.
   rC:        It protects you from cold.
 Y - the +1 ring mail "Uronn" (worn) {rF+ Regen+ Int+3}
   (You found it on level 4 of the Shoals)

   Int:       It affects your intelligence (+3).
   rF:        It protects you from fire.
   Regen:     It increases your rate of health regeneration.
Magical Staves
 d - a staff of death
Jewellery
 A - an amulet of magic regeneration (around neck)
 M - a ring of see invisible
 N - the ring of the Mage (right hand) {Wiz Archmagi}
   (You bought it in a shop on level 2 of the Dungeon)

   [ring of wizardry]

   It improves your spell success rate.
   Archmagi:  It increases the power of your magical spells.
 R - the ring "Pileq" {Ice Str+4 Dex+3 Slay+2}
   (You found it on level 4 of the Shoals)

   [ring of ice]

   It enhances your ice magic.
   Str:       It affects your strength (+4).
   Dex:       It affects your dexterity (+3).
   Slay:      It affects your accuracy & damage with ranged weapons and melee
   (+2).
   rF:        It makes you vulnerable to fire.
   rC:        It protects you from cold.
 V - the ring of Akemeir {Fire Str+4}
   (You found it in a treasure trove)

   [ring of fire]

   It enhances your fire magic.
   Str:       It affects your strength (+4).
   rF:        It protects you from fire.
   rC:        It makes you vulnerable to cold.
 X - the ring of Descent {rPois rC+ Int+5 Stlth-}
   (You found it in a treasure trove)

   [ring of protection from cold]

   Int:       It affects your intelligence (+5).
   rC:        It protects you from cold.
   rPois:     It protects you from poison.
   Stlth:     It makes you less stealthy.
 Z - the ring of Greed (left hand) {rElec rPois rN+ AC+4 Str-2}
   (You bought it in a shop on level 2 of the Dungeon)

   [ring of protection]

   AC:        It affects your AC (+4).
   Str:       It affects your strength (-2).
   rElec:     It insulates you from electricity.
   rPois:     It protects you from poison.
   rN:        It protects you from negative energy.
Wands
 h - a wand of quicksilver (16)
 i - a wand of roots (31)
 B - a wand of flame (41)
 G - a wand of mindburst (5)
 S - a wand of digging (16)
Scrolls
 n - 2 scrolls of amnesia
 t - 3 scrolls of blinking
 w - 5 scrolls of fog
 y - 3 scrolls of silence
 z - 3 scrolls of magic mapping
 C - 5 scrolls of fear
 E - 13 scrolls of teleportation
 F - 4 scrolls of poison
 P - 4 scrolls of brand weapon
Potions
 j - 8 potions of curing
 l - 2 potions of might
 m - 6 potions of flight
 p - 6 potions of heal wounds
 u - 8 potions of haste
 x - 7 potions of brilliance
 D - a potion of mutation
 H - 3 potions of resistance
 I - 6 potions of ambrosia
 J - 3 potions of cancellation
 L - 10 potions of attraction
 Q - 5 potions of magic
 T - a potion of invisibility
Miscellaneous
 o - a lightning rod (4/4)


   Skills:
 - Level 12.0 Fighting
 - Level 10.4 Short Blades
 + Level 0.7(6.0) Long Blades
 + Level 3.4 Throwing
 - Level 7.2 Armour
 * Level 14.7 Dodging
 + Level 5.8 Stealth
 + Level 3.2 Shields
 O Level 27 Spellcasting
 + Level 6.5 Conjurations
 + Level 4.4 Hexes
 + Level 12.1 Necromancy
 + Level 6.2 Translocations
 - Level 4.5 Transmutations
 * Level 8.7 Fire Magic
 + Level 5.9 Ice Magic
 * Level 11.4 Air Magic
 * Level 9.4 Earth Magic
 - Level 6.4 Poison Magic
 + Level 1.0 Invocations
 + Level 1.2 Evocations


You had 7 spell levels left.
You knew the following spells:

 Your Spells              Type           Power      Damage    Failure   Level
a - Magic Dart            Conj           100%       1d8       1%          1
b - Blink                 Tloc           100%       N/A       1%          2
c - Mephitic Cloud        Conj/Pois/Air  100%       N/A       1%          3
d - Vampiric Draining     Necr           100%       2d13      0%          3
e - Conjure Ball Lightni  Conj/Air       51%        3x3d18    1%          6
f - Fireball              Conj/Fire      49%        3d19      1%          5
g - Fulminant Prism       Conj/Hex       45%        3d20      1%          4
i - Irradiate             Conj/Tmut      45%        3d26      1%          5
k - Airstrike             Air            55%        2d(8-24)  1%          4
l - Lee's Rapid Deconstr  Erth           52%        3d25*     1%          5
n - Ignite Poison         Fire/Tmut/Pois 94%        N/A       1%          3
p - Apportation           Tloc           100%       N/A       1%          1
t - Teleport Other        Tloc           93%        N/A       1%          3
u - Dispel Undead         Necr           100%       3d31      1%          4
v - Poisonous Vapours     Pois/Air       100%       N/A       1%          2
w - Wereblood             Tmut           86%        N/A       1%          2
x - Olgreb's Toxic Radia  Pois           94%        N/A       1%          4
y - Sticky Flame          Conj/Fire      98%        2d11      1%          4
z - Freezing Cloud        Conj/Ice/Air   50%        6-21      1%          5

Your spell library contained the following spells:

 Spells                   Type           Power      Damage    Failure   Level
 Chain Lightning          Conj/Air       51%        3d68      89%         9
 Fire Storm               Conj/Fire      49%        8d12      97%         9
 Polar Vortex             Ice            46%        N/A       99%         9
 Sublimation of Blood     Necr           100%       N/A       0%          2
 Foxfire                  Conj/Fire      100%       2x1d9     1%          1
 Shock                    Conj/Air       100%       1d9       1%          1
 Sting                    Tmut/Pois      100%       1d8       1%          1
 Call Imp                 Summ           100%       N/A       1%          2
 Cigotuvi's Dreadful Rot  Necr/Pois/Air  100%       N/A       1%          2
 Lesser Beckoning         Tloc           100%       N/A       1%          2
 Gell's Gravitas          Tloc           93%        N/A       1%          3
 Hailstorm                Conj/Ice       93%        3d18      1%          3
 Inner Flame              Hex/Fire       94%        N/A       1%          3
 Portal Projectile        Hex/Tloc       100%       N/A       1%          3
 Spider Form              Tmut/Pois      90%        N/A       1%          3
 Swiftness                Air            100%       N/A       1%          3
 Vhi's Electric Charge    Tloc/Air       100%       N/A       1%          3
 Anguish                  Hex/Necr       50%        N/A       1%          4
 Cause Fear               Hex            42%        N/A       1%          4
 Manifold Assault         Tloc           93%        N/A       1%          4
 Passage of Golubria      Tloc           93%        N/A       1%          4
 Summon Ice Beast         Ice/Summ       78%        N/A       1%          4
 Arcjolt                  Conj/Air       51%        1d61      1%          5
 Silence                  Hex/Air        50%        N/A       1%          5
 Yara's Violent Unravell  Hex/Tmut       43%        3d17      1%          5
 Death Channel            Necr           56%        N/A       1%          6
 Plasma Beam              Fire/Air       53%        2x1d75    1%          6
 Starburst                Conj/Fire      49%        6d13      1%          6
 Summon Mana Viper        Hex/Summ       75%        N/A       5%          5
 Dispersal                Tloc           46%        N/A       5%          6
 Enfeeble                 Hex            42%        N/A       50%         7
 Summon Hydra             Summ           31%        N/A       97%         7
 Maxwell's Capacitive Co  Air            55%        ∞         8%          8
 Borgnjor's Revivificati  Necr           56%        N/A       21%         8
 Ignition                 Fire           51%        3d14      22%         8
 Lehudib's Crystal Spear  Conj/Erth      50%        10d12     26%         8
 Necromutation            Tmut/Necr      50%        N/A       65%         8
 Disjunction              Tloc           46%        N/A       89%         8
 Death's Door             Necr           56%        N/A       95%         9


Dungeon Overview and Level Annotations

Branches:
Dungeon (13/15)            Temple (0/1) D:6            Lair (5/5) D:11
 Shoals (4/4) Lair:2       Spider (4/4) Lair:3        Slime (0/5) Lair:5
    Orc (2/2) D:10            Elf (0/3) Orc:2        Vaults (4/5) D:13
  Crypt (0/3) Vaults:2     Bailey (visited)

Altars:
Dithmenos
Fedhas
Hepliaklqana
Nemelex Xobeh
Okawaru
Qazlal
Ru
Trog
Uskayaw
Vehumet
Zin
The Shining One
Jiyva

Shops:
D:2 =   D:4 (   D:11 *   Orc:2 **[:   Shoals:2 (   Shoals:3 !   Vaults:1 [
Vaults:4 ?

Portals:
Pandemonium: Orc:2


Message History

The harpy is engulfed in blazing flames.
Casting: Ignite Poison (safe; 1% risk of failure)
Confirm with . or Enter, or press ? or * to list all spells.
You feel a surge of power!
You erupt in a fountain of uncontrolled magic!
The quicksilver dragon is blasted with magical radiation!!
The quicksilver dragon is severely wounded.
The iron dragon is blasted with magical radiation!
The iron dragon is moderately wounded.
The iron dragon twists and deforms.
The frost giant is blasted with magical radiation.
The frost giant is almost dead.
You are very lightly contaminated with residual magic.
The harpy changes into a jumping spider!
The quicksilver dragon is engulfed in blazing flames.
The quicksilver dragon barely misses the jumping spider.
The quicksilver dragon misses the jumping spider.
The deep elf high priest is engulfed in blazing flames.
You kill the deep elf high priest!
Vehumet accepts your kill.
You feel your power returning.
A freezing mist starts to gather...
The iron dragon is engulfed in blazing flames.
The iron dragon breathes metal splinters at you.
The spray of metal splinters misses you.
The ironbound convoker laughs crazily.
The ironbound convoker closely misses the jumping spider.
The frost giant hits you with a +1 battleaxe of freezing!
The quicksilver dragon is engulfed in blazing flames.
The iron dragon is engulfed in blazing flames.
You have mastered Spellcasting!
A deep elf high priest simulacrum comes into view.
Casting: Irradiate (mildly dangerous; 1% risk of failure)
Confirm with . or Enter, or press ? or * to list all spells.
You feel a surge of power!
You blink.
The quicksilver dragon seems less confused.
The quicksilver dragon is engulfed in blazing flames.
The quicksilver dragon breathes dispelling energy at you.
The bolt of dispelling energy hits you!!!
Your magical effects are unravelling.
You die...

.' ....'''..#......#.......#...#
.' ..).'''..#...)..#.......#...#
.' ..:.'''DW#......#.......#...#
.' ..[.''DsD#......#.......#...#
.' ''''''DpD#......#.......#...#
.' ''''''DZD§......'.......#...#
.''''''''''CC#....).#..[....#...#
.........Z..Z#)..)..#......(#...#
.......).....#..@...#########...#
###'######'###..................#
............##..................#
.[....##.#..##..................#
##....##....##..................#
##...#......##..^...............#
............##..................#
##############..................#
####################


You could see a shadow dragon (soul bound), 3 iron dragons, a quicksilver dragon
(soul bound, catching breath), an ironbound convoker (soul bound, empowered,
confused) and a jumping spider shaped shifter.

Vanquished Creatures
  Mara (Spider:4)
  Mennas (Vaults:3)
  Rupert (Lair:4)
  2 krakens
  4 sphinxes
  Ilsuiw (Shoals:3)
  9 emperor scorpions
  4 ghost moths
  12 vault wardens
  3 orc warlords
  13 ironbound thunderhulks
  9 ironbound preservers
  11 very ugly things
  4 war gargoyles (Vaults:2)
  A broodmother (Spider:3)
  A vampire knight (Vaults:2)
  Azrael (Orc:2)
  7 dire elephants
  A minotaur (Shoals:4)
  2 eidola (Vaults:2)
  2 spark wasps
  A crystal guardian (Vaults:4)
  5 entropy weavers
  3 merfolk javelineers (Shoals:3)
  4 merfolk impalers
  4 fire dragons
  An ettin (Vaults:4)
  7 great orbs of eyes
  2 deep elf high priests
  7 yaktaur captains
  3 peacekeepers
  Harold (D:9)
  4 boulder beetles
  11 vault guards
  15 ironbound frosthearts
  A demonspawn (Orc:2)
  4 merfolk aquamancers
  3 radroaches
  3 hydras
  16 satyrs
  4 centaur warriors
  A catoblepas (Lair:5)
  3 jorogumos
  An alligator snapping turtle (Shoals:2)
  4 merfolk avatars
  4 two-headed ogres
  A vampire mage (Vaults:2)
  An orc high priest (Orc:2)
  2 pharaoh ants
  A skeletal warrior (D:12)
  26 deep trolls
  Lodul (D:11)
  12 sea snakes
  4 skysharks
  10 orb spiders
  2 glowing orange brains
  Pikel (D:6)
  A swamp dragon (Lair:5)
  16 ironbound convokers
  2 deep elf pyromancers (D:13)
  3 steelbarb worms
  6 lindwurms
  29 harpies
  A tengu zombie (Vaults:4)
  An oklob plant (Lair:5)
  8 wizards
  4 necromancers
  22 ugly things
  8 wolf spiders
  24 fauns
  A tengu skeleton (Vaults:4)
  11 orc knights
  9 cyclopes
  9 orc sorcerers (Orc:2)
  9 elephants (Lair:5)
  3 moths of wrath
  24 manticores
  Joseph (D:7)
  A stone giant zombie (Vaults:4)
  6 merfolk sirens
  2 black mambas
  A black mamba (shapeshifter) (D:13)
  2 human skeletons (Vaults:4)
  7 water nymphs
  7 torpor snails
  2 gargoyles
  A smoke demon (Orc:2)
  25 vault sentinels
  3 demonic crawlers
  11 cane toads
  Psyche (D:11)
  3 rime drakes
  An unseen horror (D:13)
  A freezing wraith (Vaults:2)
  16 komodo dragons
  3 kobold demonologists
  39 yaktaurs
  A tengu conjurer (D:13)
  A red devil (Orc:2)
  28 merfolk
  A polar bear (D:11)
  7 trolls
  10 hornets
  9 tarantellas
  3 tyrant leeches (Lair:5)
  3 wind drakes
  5 blink frogs (Lair:1)
  11 jumping spiders
  4 centaur simulacra (D:11)
  26 slime creatures
  8 snapping turtles
  12 spriggans (Lair:3)
  4 water elementals
  2 vampires (D:12)
  7 culicivoras
  2 wraiths
  33 yaks
  5 basilisks
  A chaos spawn (Orc:2)
  3 fire elementals (Orc:2)
  3 steam dragons
  5 wyverns
  A vampire mosquito (D:13)
  29 redbacks
  Menkaure (D:7)
  3 wargs
  4 hell hounds (Orc:2)
  3 acid dragons
  6 ice beasts
  14 water moccasins
  2 swamp drakes (Lair:5)
  A sky beast (D:6)
  43 orc warriors
  2 black bears
  4 human zombies (Vaults:4)
  17 ogres
  2 centaurs
  3 boggarts (Lair:3)
  12 wolves
  A phantom (D:7)
  Blork the orc (D:5)
  6 kobold brigands
  4 gnoll sergeants
  An earth elemental (D:11)
  10 bullfrogs
  3 scorpions
  10 wights
  21 killer bees
  2 howler monkeys (D:10)
  An electric eel (D:11)
  2 quasits (D:8)
  3 gnoll boudas
  6 hounds
  A jelly (D:6)
  Crazy Yiuf (D:7)
  31 orc priests
  A sleepcap (D:5)
  7 iguanas
  12 hell rats
  13 orc wizards
  34 gnolls
  9 adders
  3 shadow imps (D:8)
  9 white imps
  4 ufetubi
  A worm (D:4)
  3 dart slugs
  95 orcs
  4 endoplasms
  9 goblins
  7 hobgoblins
  A quokka (D:1)
  3 training dummies (Shoals:2)
  6 ball pythons
  4 bats
  4 frilled lizards
  24 kobolds
  A rat (D:2)
  4 fulminant prisms
  5 tentacles
1295 creatures vanquished.

Vanquished Creatures (collateral kills)
  A hornet (Lair:5)
1 creature vanquished.

Vanquished Creatures (others)
  2 orc high priests (Orc:2)
  A sun moth (Spider:1)
  A hornet (Lair:5)
  An orc priest (Orc:2)
  An orc wizard (D:11)
  12 ball lightnings
  58 fulminant prisms
  3 tentacles
79 creatures vanquished.

Grand Total: 1375 creatures vanquished

Notes
Turn   | Place    | Note
-------+----------+-------------------------------------------
     0 | D:1      | Esekla the Deep Elf Wanderer began the quest for the Orb.
     0 | D:1      | Esekla set off with the following items: a +0 club, a
                  | potion of lignification, a +0 robe, a +0 buckler; and the
                  | following spells available to memorise: Apportation, Blink,
                  | Lesser Beckoning, Magic Dart, Ignite Poison, Vampiric
                  | Draining.
     0 | D:1      | Reached XP level 1. HP: 10/10 MP: 7/7
     2 | D:1      | Learned a level 1 spell: Magic Dart
     4 | D:1      | Learned a level 1 spell: Apportation
   254 | D:2      | Found Renulab's Jewellery Shop.
   447 | D:4      | Found a radiant altar of Vehumet.
   458 | D:4      | Found an iron altar of Okawaru.
   469 | D:4      | Found a glowing silver altar of Zin.
   548 | D:4      | Became a worshipper of Vehumet
   674 | D:3      | Reached skill level 5 in Spellcasting
   713 | D:3      | Reached XP level 2. HP: 15/15 MP: 0/10
   748 | D:3      | Learned a level 2 spell: Blink
   859 | D:4      | Found Ponaysk's Antique Weapon Boutique.
  1039 | D:4      | Reached skill level 1 in Conjurations
  1182 | D:3      | Reached XP level 3. HP: 18/19 MP: 8/11
  1186 | D:3      | Learned a level 3 spell: Vampiric Draining
  1311 | D:3      | Found a stormy altar of Qazlal.
  1375 | D:3      | Reached skill level 1 in Necromancy
  1375 | D:3      | Reached XP level 4. HP: 13/24 MP: 9/13
  1419 | D:3      | Found a hazy altar of Hepliaklqana.
  1419 | D:3      | Found a bloodstained altar of Trog.
  1610 | D:3      | Identified the +5 rapier of the Hero {heavy, rN+ Dex+3}
  1672 | D:2      | Reached skill level 1 in Dodging
  1883 | D:3      | Reached skill level 1 in Short Blades
  2107 | D:2      | Noticed a black bear
  2181 | D:2      | Reached skill level 6 in Spellcasting
  2398 | D:2      | Found a faded altar of an unknown god.
  2434 | D:2      | Reached * piety under Vehumet
  2434 | D:2      | Offered knowledge of Foxfire by Vehumet.
  2474 | D:1      | Reached XP level 5. HP: 27/28 MP: 15/15
  2948 | D:2      | Killed a black bear
  3042 | D:2      | Reached XP level 6. HP: 26/32 MP: 17/17
  3331 | D:3      | Reached skill level 7 in Spellcasting
  3458 | D:5      | Entered Level 5 of the Dungeon
  3461 | D:5      | Got the Parchment of the Lumpy Olives
  3477 | D:5      | Found a shadowy altar of Dithmenos.
  3606 | D:5      | Reached ** piety under Vehumet
  3606 | D:5      | Offered knowledge of Kiss of Death by Vehumet.
  3607 | D:5      | Reached XP level 7. HP: 21/36 MP: 12/20
  3828 | D:4      | Found a glowing golden altar of the Shining One.
  4182 | D:5      | Reached skill level 1 in Throwing
  4182 | D:5      | Reached skill level 8 in Spellcasting
  4530 | D:6      | Noticed Blork the orc
  4650 | D:6      | Noticed Pikel
  4673 | D:5      | Learned a level 3 spell: Teleport Other
  4781 | D:6      | Reached XP level 8. HP: 38/41 MP: 22/22
  4819 | D:6      | Found a staircase to the Ecumenical Temple.
  4880 | D:7      | Found a runed translucent door.
  4881 | D:7      | Noticed Crazy Yiuf
  4889 | D:7      | Killed Crazy Yiuf
  4943 | D:7      | Reached skill level 9 in Spellcasting
  4943 | D:7      | Reached skill level 5 in Necromancy
  4990 | D:7      | Noticed Menkaure
  4994 | D:7      | Killed Menkaure
  5362 | D:6      | Reached skill level 10 in Spellcasting
  5615 | D:6      | Offered knowledge of Hailstorm by Vehumet.
  5669 | D:5      | Killed Blork the orc
  5873 | D:7      | Upgraded the game from 0.30.1-5-ged363bc7ee to
                  | 0.30.1-6-gbe392663c4
  6161 | D:8      | Reached *** piety under Vehumet
  6214 | D:8      | Reached XP level 9. HP: 37/45 MP: 15/25
  6361 | D:8      | Offered knowledge of Fulminant Prism by Vehumet.
  6372 | D:8      | Learned a level 4 spell: Fulminant Prism
  6503 | D:8      | Noticed a two-headed ogre
  6547 | D:7      | Reached skill level 11 in Spellcasting
  6782 | D:6      | Found a blossoming altar of Fedhas.
  6802 | D:6      | Learned a level 3 spell: Ignite Poison
  6951 | D:6      | Killed Pikel
  6952 | D:6      | Reached skill level 5 in Dodging
  6952 | D:6      | Reached skill level 1 in Hexes
  7166 | D:7      | Noticed Joseph
  7536 | D:8      | Reached **** piety under Vehumet
  7590 | D:8      | Found a hide-covered altar of Uskayaw.
  7642 | D:8      | Offered knowledge of Arcjolt by Vehumet.
  7655 | D:8      | Learned a level 5 spell: Arcjolt
  7691 | D:8      | Found a transporter.
  7693 | D:8      | Found a transporter.
  7708 | D:8      | Found a transporter.
  7709 | D:8      | Found a transporter.
  8388 | D:9      | Found a flagged portal.
  8456 | Bailey   | Entered a bailey
  8477 | Bailey   | Reached skill level 1 in Air Magic
  8515 | Bailey   | Reached skill level 1 in Poison Magic
  8580 | Bailey   | Reached skill level 1 in Fire Magic
  8599 | Bailey   | Reached skill level 12 in Spellcasting
  8599 | Bailey   | Reached XP level 10. HP: 50/50 MP: 28/28
  8606 | Bailey   | Identified the +2 bardiche of Puhoisos {heavy, rElec
                  | Stlth+}
  8699 | Bailey   | Reached ***** piety under Vehumet
  8805 | Bailey   | Noticed an orc knight
  8818 | Bailey   | Killed an orc knight
  8864 | Bailey   | Noticed an orc knight
  8939 | Bailey   | Killed an orc knight
  8940 | Bailey   | Reached skill level 1 in Transmutations
  9003 | Bailey   | Reached skill level 1 in Evocations
  9071 | D:8      | Killed a two-headed ogre
  9072 | D:8      | Reached skill level 1 in Fighting
  9154 | D:7      | Killed Joseph
  9415 | D:9      | Noticed a two-headed ogre
  9421 | D:9      | Killed a two-headed ogre
  9537 | D:9      | Found a sparkling altar of Nemelex Xobeh.
  9603 | D:9      | Noticed a rust devil
  9607 | D:9      | Noticed a sun demon
  9627 | D:9      | Offered knowledge of Starburst by Vehumet.
  9637 | D:10     | Entered Level 10 of the Dungeon
  9866 | D:10     | Found a sacrificial altar of Ru.
  9889 | D:10     | Reached XP level 11. HP: 53/57 MP: 29/29
  9920 | D:10     | Reached skill level 13 in Spellcasting
 10304 | D:10     | Found a staircase to the Orcish Mines.
 11470 | Orc:1    | Entered Level 1 of the Orcish Mines
 11664 | D:2      | Bought the ring of the Mage {Wiz Archmagi} for 714 gold
                  | pieces
 11664 | D:2      | Found the ring of the Mage {Wiz Archmagi}
 11886 | D:11     | Noticed Lodul
 12591 | D:9      | Noticed Harold
 12835 | D:11     | Reached skill level 10 in Necromancy
 12844 | D:11     | Killed Lodul
 12845 | D:11     | Reached skill level 14 in Spellcasting
 12942 | D:11     | Offered knowledge of Fireball by Vehumet.
 13196 | D:10     | Learned a level 5 spell: Fireball
 13339 | D:11     | Reached skill level 5 in Fighting
 13516 | D:11     | Reached XP level 12. HP: 61/68 MP: 32/32
 13619 | D:11     | Got Simple Magic
 13674 | D:11     | Noticed Psyche
 13689 | D:11     | Noticed a two-headed ogre
 13696 | D:11     | Killed Psyche
 13696 | D:11     | Killed a two-headed ogre
 13697 | D:11     | Reached skill level 1 in Armour
 13797 | D:11     | Found Fagafuf's Pet Rocks.
 13905 | D:11     | Found a staircase to the Lair.
 13952 | D:12     | Learned a level 2 spell: Wereblood
 14168 | D:12     | Found a portal to a secret trove of treasure.
 14220 | D:12     | Learned a level 3 spell: Mephitic Cloud
 14441 | D:12     | Learned a level 2 spell: Poisonous Vapours
 14447 | D:12     | Learned a level 5 spell: Freezing Cloud
 14495 | Trove    | Entered a treasure trove
 14501 | Trove    | Found the +8 mithril axe "Arga" {speed, Will+}
 14501 | Trove    | Found the +12 pair of quick blades "Gyre" and "Gimble"
                  | {protect}
 14505 | Trove    | Identified the ring of Akemeir {Fire Str+4}
 14508 | Trove    | Identified the +2 pair of gloves "Seteklek" {rF+ rC+}
 14535 | Trove    | Identified the ring of Descent {rPois rC+ Int+5 Stlth-}
 14541 | Trove    | Identified the +3 ring mail "Poady" {+Inv rF+ Dex+2 Slay-4}
 14937 | Orc:1    | Reached skill level 15 in Spellcasting
 15258 | D:2      | Bought the ring of Greed {rElec rPois rN+ AC+4 Str-2} for
                  | 758 gold pieces
 15438 | Lair:1   | Entered Level 1 of the Lair of Beasts
 15504 | Lair:1   | Reached skill level 1 in Ice Magic
 16334 | Lair:2   | Found a transporter.
 16334 | Lair:2   | Found a transporter.
 16335 | Lair:2   | Noticed a boulder beetle
 16335 | Lair:2   | Noticed a boulder beetle
 16344 | Lair:2   | Killed a boulder beetle
 16353 | Lair:2   | Killed a boulder beetle
 16801 | Lair:2   | Reached XP level 13. HP: 74/74 MP: 12/34
 16971 | Lair:2   | Found a staircase to the Shoals.
 17069 | Lair:3   | Reached skill level 5 in Translocations
 17211 | Lair:3   | Identified the +3 leather armour of Okawaru's Inspiration
                  | {Str+4}
 17404 | Lair:3   | Reached skill level 5 in Short Blades
 17428 | Lair:3   | Reached skill level 16 in Spellcasting
 17560 | Lair:3   | Found a hole to the Spider Nest.
 17911 | Lair:4   | Learned a level 4 spell: Sticky Flame
 17930 | Lair:4   | Reached skill level 5 in Air Magic
 18105 | Lair:4   | Reached skill level 5 in Poison Magic
 18411 | Lair:4   | Noticed Rupert
 18478 | Lair:4   | Paralysed by Rupert for 2 turns
 18480 | Lair:4   | Killed Rupert
 18879 | D:9      | Killed Harold
 19068 | Lair:5   | Entered Level 5 of the Lair of Beasts
 19181 | Lair:5   | Reached skill level 17 in Spellcasting
 19186 | Lair:5   | Reached XP level 14. HP: 71/83 MP: 18/37
 19531 | Lair:5   | Found a viscous altar of Jiyva.
 19531 | Lair:5   | Found a staircase to the Slime Pits.
 19670 | Lair:5   | Found a runed translucent door.
 20232 | Lair:5   | Reached skill level 10 in Dodging
 20282 | Lair:5   | Got Utragud's Papyrus of the Inquisitive Olives
 20421 | Lair:5   | Reached skill level 5 in Ice Magic
 20662 | Orc:2    | Entered Level 2 of the Orcish Mines
 20787 | Orc:2    | Found Roezostra's General Store.
 20795 | Orc:2    | Found Bamnuus's General Store.
 21074 | Orc:2    | Found a staircase to the Elven Halls.
 21252 | Orc:2    | Noticed Azrael
 21261 | Orc:2    | Killed Azrael
 21305 | Orc:2    | Offered knowledge of Irradiate by Vehumet.
 21313 | Orc:2    | Reached skill level 18 in Spellcasting
 21321 | Orc:2    | Learned a level 5 spell: Irradiate
 21426 | Orc:2    | Found Jyohez's Book Shop.
 21426 | Orc:2    | Found a one-way gate leading to the halls of Pandemonium.
 21426 | Orc:2    | Found Huzal's Antique Armour Boutique.
 21434 | Orc:2    | Bought a Young Poisoner's Handbook for 300 gold pieces
 21436 | Orc:2    | Bought a runed helmet for 270 gold pieces
 21478 | Orc:2    | Bought a scroll of identify for 34 gold pieces
 21485 | Orc:2    | Learned a level 4 spell: Olgreb's Toxic Radiance
 21511 | Orc:2    | Noticed an orc warlord
 21527 | Orc:2    | Killed an orc warlord
 21528 | Orc:2    | Reached skill level 5 in Armour
 21612 | Orc:1    | Noticed an orc warlord
 21622 | Orc:1    | Killed an orc warlord
 21632 | Orc:1    | Reached XP level 15. HP: 55/90 MP: 23/39
 21981 | Spider:1 | Entered Level 1 of the Spider Nest
 22009 | Spider:1 | Identified the +1 pair of boots of Piysunuo {Str+3}
 22231 | Spider:1 | Reached skill level 1 in Earth Magic
 22314 | Spider:1 | Reached skill level 5 in Conjurations
 22329 | Spider:1 | Reached skill level 5 in Fire Magic
 22469 | Spider:2 | Reached skill level 19 in Spellcasting
 22511 | Spider:1 | Acquired a book of Decay
 22512 | Spider:1 | Acquired 1228 gold pieces
 22513 | Spider:1 | Acquired a Necronomicon
 22783 | D:2      | Bought a ring of see invisible for 210 gold pieces
 23986 | Spider:3 | Noticed an emperor scorpion
 24106 | Spider:3 | Reached skill level 10 in Fighting
 24172 | Spider:3 | Offered knowledge of Iskenderun's Battlesphere by Vehumet.
 24231 | Spider:3 | Killed an emperor scorpion
 24247 | Spider:3 | Noticed an emperor scorpion
 24272 | Spider:3 | Killed an emperor scorpion
 24920 | Spider:4 | Entered Level 4 of the Spider Nest
 24938 | Spider:4 | Noticed Mara
 24950 | Spider:4 | Killed Mara
 25150 | Spider:4 | Noticed an emperor scorpion
 25161 | Spider:4 | Killed an emperor scorpion
 25218 | Spider:4 | Reached skill level 20 in Spellcasting
 25520 | Spider:4 | Noticed an emperor scorpion
 25542 | Spider:4 | Killed an emperor scorpion
 25543 | Spider:4 | Reached XP level 16. HP: 75/98 MP: 25/42
 25832 | Spider:4 | Offered knowledge of Lee's Rapid Deconstruction by Vehumet.
 26099 | Spider:4 | Got a gossamer rune of Zot
 26197 | Spider:4 | Learned a level 5 spell: Lee's Rapid Deconstruction
 27689 | D:13     | Reached skill level 5 in Stealth
 27715 | D:13     | Found a gate to the Vaults.
 28274 | Shoals:1 | Entered Level 1 of the Shoals
 28480 | Shoals:1 | Reached skill level 21 in Spellcasting
 29167 | Shoals:2 | Reached skill level 5 in Earth Magic
 29170 | Shoals:2 | Offered knowledge of Eringya's Noxious Bog by Vehumet.
 29288 | Shoals:2 | Reached XP level 17. HP: 100/104 MP: 38/44
 29555 | Shoals:2 | Found Biskeott's Firing Range.
 30093 | Shoals:3 | Noticed Ilsuiw
 30105 | Shoals:3 | Killed Ilsuiw
 30119 | Shoals:3 | Reached skill level 22 in Spellcasting
 30253 | Shoals:3 | Noticed a kraken
 30258 | Shoals:3 | Killed a kraken
 30531 | Shoals:3 | Found Zemonaik's Distillery.
 30545 | Shoals:3 | Bought a potion of heal wounds for 75 gold pieces
 30545 | Shoals:3 | Bought a potion of heal wounds for 75 gold pieces
 30545 | Shoals:3 | Bought 2 potions of heal wounds for 150 gold pieces
 31245 | Shoals:2 | Identified the +1 animal skin "Kougi" {rPois rF++ MP+9}
 31323 | Shoals:4 | Entered Level 4 of the Shoals
 31329 | Shoals:4 | Reached ****** piety under Vehumet
 31472 | Shoals:4 | Offered knowledge of Conjure Ball Lightning by Vehumet.
 31480 | Shoals:4 | Learned a level 6 spell: Conjure Ball Lightning
 31574 | Shoals:4 | Identified the +1 ring mail "Uronn" {rF+ Regen+ Int+3}
 31663 | Shoals:4 | Noticed a kraken
 31667 | Shoals:4 | Killed a kraken
 31780 | Shoals:4 | Got Cuuv Rytt's Atlas of Hot Beguiling
 31780 | Shoals:4 | Got a barnacled rune of Zot
 31815 | Shoals:4 | Reached skill level 23 in Spellcasting
 31853 | Shoals:4 | Identified the ring "Pileq" {Ice Str+4 Dex+3 Slay+2}
 31937 | Shoals:4 | Paralysed by a sphinx for 2 turns
 31939 | Shoals:4 | Reached XP level 18. HP: 112/112 MP: 41/47
 32372 | Vaults:1 | Entered Level 1 of the Vaults
 32459 | Vaults:1 | Identified the +9 arbalest of Xom's Indignation {penet,
                  | Dex+4 Stlth+}
 32470 | Vaults:1 | Reached skill level 10 in Short Blades
 32859 | Vaults:1 | Found Emogyl Osee's Armour Boutique.
 32877 | Vaults:1 | Offered knowledge of Fire Storm by Vehumet.
 32877 | Vaults:1 | Offered knowledge of Chain Lightning by Vehumet.
 32877 | Vaults:1 | Offered knowledge of Polar Vortex by Vehumet.
 33421 | Vaults:1 | Reached skill level 24 in Spellcasting
 33762 | Vaults:2 | Found a staircase to the Crypt.
 33851 | Vaults:2 | Found a flickering gateway to a bazaar.
 33873 | Bazaar   | Entered a bazaar
 33891 | Bazaar   | Found Huts's Armour Emporium.
 33891 | Bazaar   | Found Fuoqy's Distillery.
 33902 | Bazaar   | Bought a +1 cloak of stealth for 181 gold pieces
 33919 | Bazaar   | Bought a potion of curing for 21 gold pieces
 33919 | Bazaar   | Bought a potion of mutation for 56 gold pieces
 33930 | Bazaar   | Found Luehida's Magic Scroll Shoppe.
 33934 | Bazaar   | Bought a scroll of blinking for 82 gold pieces
 33945 | Bazaar   | Found Subykus's Antique Weapon Emporium.
 33945 | Bazaar   | Found Zefiutze's Weapon Shoppe.
 33949 | Bazaar   | Bought the +8 Vampire's Tooth {megavamp} for 540 gold
                  | pieces
 33949 | Bazaar   | Found the +8 Vampire's Tooth {megavamp}
 33966 | Bazaar   | Found Gopir's Armour Shoppe.
 33970 | Bazaar   | Bought the +0 mask of the Dragon {Will+ Slay+3 SInv} for
                  | 367 gold pieces
 33970 | Bazaar   | Found the +0 mask of the Dragon {Will+ Slay+3 SInv}
 34312 | Vaults:2 | Learned a level 4 spell: Dispel Undead
 34545 | Vaults:2 | Learned a level 4 spell: Airstrike
 34748 | Vaults:2 | Reached skill level 10 in Air Magic
 34922 | Vaults:2 | Reached XP level 19. HP: 78/116 MP: 39/49
 34934 | Vaults:2 | Reached skill level 25 in Spellcasting
 35437 | Vaults:3 | Noticed Mennas
 35471 | Vaults:3 | Killed Mennas
 35947 | Vaults:3 | Reached skill level 26 in Spellcasting
 36907 | Vaults:4 | Found Gint's Magic Scroll Shop.
 36935 | Vaults:4 | Bought a scroll of enchant armour for 157 gold pieces
 36935 | Vaults:4 | Bought a scroll of enchant armour for 157 gold pieces
 37351 | Vaults:4 | Reached XP level 20. HP: 122/122 MP: 52/52
 37735 | Vaults:4 | Found a huge runed gate.
 37735 | Vaults:4 | Found a huge runed gate.
 37737 | Vaults:4 | Found a huge runed gate.
 37737 | Vaults:4 | Found a huge runed gate.
 37738 | Vaults:4 | Found a huge runed gate.
 37738 | Vaults:4 | Found a huge runed gate.
 37738 | Vaults:4 | Found a huge runed gate.
 37839 | Vaults:4 | Found a huge runed gate.
 37839 | Vaults:4 | Found a huge runed gate.
 37841 | Vaults:4 | Found a huge runed gate.
 37841 | Vaults:4 | Found a huge runed gate.
 37841 | Vaults:4 | Found a huge runed gate.
 37841 | Vaults:4 | Found a huge runed gate.
 37841 | Vaults:4 | Found a huge runed gate.
 37841 | Vaults:4 | Found a huge runed gate.
 37842 | Vaults:4 | Found a huge runed gate.
 37864 | Vaults:4 | Found a huge runed gate.
 37864 | Vaults:4 | Found a huge runed gate.
 37867 | Vaults:4 | Found a huge runed gate.
 37867 | Vaults:4 | Found a huge runed gate.
 37867 | Vaults:4 | Found a huge runed gate.
 37867 | Vaults:4 | Found a huge runed gate.
 37867 | Vaults:4 | Found a huge runed gate.
 37867 | Vaults:4 | Found a huge runed gate.
 37867 | Vaults:4 | Found a huge runed gate.
 37868 | Vaults:4 | Found a huge runed gate.
 37869 | Vaults:4 | Found a huge runed gate.
 37879 | Vaults:4 | Found a huge runed gate.
 37879 | Vaults:4 | Found a huge runed gate.
 37879 | Vaults:4 | Found a huge runed gate.
 37879 | Vaults:4 | Found a huge runed gate.
 37879 | Vaults:4 | Found a huge runed gate.
 37880 | Vaults:4 | Found a huge runed gate.
 37881 | Vaults:4 | Found a huge runed gate.
 37882 | Vaults:4 | Found a huge runed gate.
 37883 | Vaults:4 | Found a huge runed gate.
 37904 | Vaults:4 | Noticed a golden dragon
 37916 | Vaults:4 | Reached skill level 27 in Spellcasting
 37916 | Vaults:4 | Killed from afar by a quicksilver dragon

Illustrated notes

Levels and vault maps discovered:
D:1:      sevenhm_arrival_forest_fort_small_3, layout_rooms,
          chequers_serial_rivers_room_b, minmay_misc_feat_five
D:2:      layout_loops_ring, dreamdust_ecumenical_altar_angels_and_demons,
          serial_shops, shop
D:3:      layout_basic, grunt_temple_overflow_open, minmay_misc_feat_iff
D:4:      layout_basic, nicolae_overflow_quartered_altars, serial_shops,
          nicolae_diamond_shop
D:5:      layout_loops_ring, lemuel_doored_altar, minmay_misc_feat_rows,
          dreamdust_wishing_well
D:6:      layout_loops_cross, fedhas_altar_fruit_tree,
          minmay_temple_entry_glass, uniq_pikel, uniq_blork_the_orc
D:7:      layout_basic, uniq_menkaure, uniq_joseph, uniq_crazy_yiuf_cottage
D:8:      layout_basic, nicolae_uskayaw_dance_hall, serial_demonic,
          serial_demonic_d, serial_demonic_a, serial_demonic_c,
          serial_demonic_c, nicolae_diode_quadrants
D:9:      layout_irregular_city, kennysheep_little_box, enter_bailey_4,
          minmay_between, uniq_harold
D:10:     layout_basic, nicolae_ru_awakened_eye
D:11:     layout_rooms, hellmonk_lair_entry_icy, serial_ice, serial_ice_j,
          serial_ice_m, serial_ice_o, serial_ice_c, serial_ice_g, serial_ice_f,
          guppyfry_shop_earth, uniq_psyche, uniq_lodul
D:12:     layout_roguey, nicolae_trove_entry_crossroad
D:13:     layout_loops_ring, lightli_vaults_fourway_checkpoint
Lair:1:   layout_small_grid
Lair:2:   gammafunk_boulding_lane, layout_small_grid, elwin_shoals_entry_rooms
Lair:3:   kb_forest_paths, layout_chaotic_city, spider_nest_entry_rubble
Lair:4:   layout_hall_layers, grunt_megastairs_3, lemuel_fruit_fields,
          uniq_rupert
Lair:5:   guppyfry_lair_end_dragon, layout_misc_corridors, wormcave,
          dpeg_slime_entry_enclosed
Shoals:1: layout_shoals, nicolae_shoals_nautilus_by_nature
Shoals:2: argonaut_golden_fleece, layout_shoals, nicolae_shop_firing_range
Shoals:3: layout_shoals, serial_shops, shop, nicolae_shoals_lost_giant_hut,
          uniq_ilsuiw
Shoals:4: shoals_end_hellmonk_lost_city, serial_shops
Spider:1: layout_spider_delve, nicolae_spider_some_kinda_spiderbox
Spider:2: layout_spider_delve, nicolae_spider_twisty_arc_passages
Spider:3: layout_chambers, nicolae_orb_stairs
Spider:4: grunt_spider_rune_circles, guppyfry_hornet_nest, uniq_mara
Orc:1:    layout_caves
Orc:2:    pf_orc_diabolical, layout_diamond_mine, uniq_azrael
Vaults:1: vaults_dpeg_emergency_exit, nicolae_vaults_ellipses_ellipsis,
          nicolae_vaults_variable_pillar_hall, v_misc_22, v_misc_33,
          nicolae_vaults_closet_pinwheel_3, v_alt_pattern_4, v_alt_pattern_4,
          nicolae_vaults_tetromino_Z_2, nicolae_vaults_taking_the_gang_shopping,
          nicolae_vaults_spaceships, v_misc_33, nicolae_vaults_shelves_hall,
          nicolae_vaults_trapezoid_lopsided_1, nicolae_vaults_little_ls,
          layout_vaults_ring
Vaults:2: ontoclasm_vaults_bender, nicolae_vaults_storage_closets_1, v_misc_9,
          vaults_room_pools, nicolae_vaults_more_shelving_2, v_misc_14,
          vaults_standard_mumra_lines, hangedman_vaults_stream,
          nicolae_vaults_windows_and_doors_thing,
          minmay_crypt_entry_simple_corners, nicolae_vaults_stand_back,
          vaults_dpeg_diagonal, nicolae_vaults_little_squares_5,
          layout_vaults_omnibox, serial_shops, bzr_entry_gold
Vaults:3: nicolae_vaults_three_branches, v_misc_15, vaults_standard_mumra_x,
          v_misc_13, ontoclasm_vaults_loading_screen, nicolae_vaults_tangram_1,
          nicolae_vaults_display_case, vaults_room_ringed_pool,
          nicolae_vaults_octothorpe, vaults_mumra_minichess,
          nicolae_vaults_variable_pillar_hall, v_alt_pattern_6,
          nicolae_vaults_tetromino_L_1, nicolae_vaults_trapezoid_3,
          layout_vaults_big_room, uniq_mennas
Vaults:4: nicolae_vaults_network_periphery, nicolae_vaults_angled_halls,
          ontoclasm_vaults_twist, door_vault, nicolae_vaults_more_shelving_1,
          nicolae_vaults_yaktaur_gun_rack, hangedman_vaults_slither, v_rooms_1,
          ontoclasm_vaults_claustrophobia, nicolae_vaults_trapezoid_lopsided_1,
          grunt_vaults_focal, hangedman_vaults_slice, layout_vaults_omnicross,
          serial_shops, shop

Skill      XL: |  1  2  3  4  5  6  7  8  9 10 11 12 13 14 15 16 17 18 19 20 |
---------------+-------------------------------------------------------------+-----
Spellcasting   | 5 6 7 8 10 12 14 15 17 18 20 21 23 24 26 27 | 27.0
Conjurations   | 1 2 3 4 5 6 |  6.5
Necromancy     | 1 2 3 4 6 7 8 10 11 12 | 12.1
Dodging        | 1 2 3 4 5 6 7 8 9 10 11 12 13 14 | 14.7
Short Blades   | 1 2 3 4 5 7 8 9 10 | 10.4
Stealth        | 2 3 4 5 |  5.8
Throwing       | 1 2 3 |  3.4
Shields        | 2 3 |  3.2
Translocations | 3 4 5 6 |  6.2
Hexes          | 2 4 |  4.4
Air Magic      | 1 3 4 5 6 7 8 9 10 11 | 11.4
Poison Magic   | 1 3 4 5 6 |  6.4
Fire Magic     | 1 2 3 4 5 6 8 |  8.7
Transmutations | 2 3 4 |  4.5
Evocations     | 1 |  1.2
Fighting       | 2 5 6 7 9 10 11 12 | 12.0
Armour         | 3 4 5 6 7 |  7.2
Ice Magic      | 2 4 5 |  5.9
Earth Magic    | 3 5 6 8 9 |  9.4
Long Blades    | |  0.7
Invocations    | |  1.0

Action                     |  1- 3 |  4- 6 |  7- 9 | 10-12 | 13-15 | 16-18 | 19-21 || total
---------------------------+-------+-------+-------+-------+-------+-------+-------++-------
  Melee: Short sword       |    45 |     2 |       |       |       |       |       ||    47
         Rapier            |       |    58 |   156 |    93 |       |       |       ||   307
         Dagger            |       |    12 |     7 |       |       |       |       ||    19
         Scimitar          |       |       |    15 |    57 |       |       |       ||    72
         Pair of quick bla |       |       |       |    81 |   287 |   482 |   175 ||  1025
  Throw: Dart              |       |    12 |    35 |   114 |       |       |       ||   161
         Boomerang         |       |       |       |       |    16 |    25 |       ||    41
   Cast: Apportation       |    21 |    15 |    39 |    91 |    66 |    65 |     3 ||   300
         Magic Dart        |    35 |    44 |    90 |    66 |    11 |     3 |       ||   249
         Vampiric Draining |       |    17 |    72 |   116 |    26 |    58 |    18 ||   307
         Teleport Other    |       |       |    18 |       |       |       |       ||    18
         Blink             |       |       |     5 |    20 |     2 |     7 |     2 ||    36
         Fulminant Prism   |       |       |     2 |    59 |       |     1 |       ||    62
         Ignite Poison     |       |       |     1 |    44 |   140 |   145 |    71 ||   401
         Arcjolt           |       |       |       |     2 |     1 |       |       ||     3
         Poisonous Vapours |       |       |       |    42 |   236 |   190 |    86 ||   554
         Freezing Cloud    |       |       |       |     6 |    36 |    25 |    11 ||    78
         Wereblood         |       |       |       |     4 |    30 |    32 |    16 ||    82
         Mephitic Cloud    |       |       |       |     2 |    21 |    14 |     8 ||    45
         Sticky Flame      |       |       |       |       |    20 |    41 |     8 ||    69
         Irradiate         |       |       |       |       |     7 |    16 |    10 ||    33
         Olgreb's Toxic Ra |       |       |       |       |    18 |    43 |    21 ||    82
         Fireball          |       |       |       |       |     1 |     8 |       ||     9
         Lee's Rapid Decon |       |       |       |       |       |     3 |     4 ||     7
         Conjure Ball Ligh |       |       |       |       |       |     2 |     3 ||     5
         Dispel Undead     |       |       |       |       |       |       |     3 ||     3
  Evoke: Wand              |     1 |     2 |     8 |    11 |     1 |       |       ||    23
         Lightning rod     |       |       |       |       |       |       |     1 ||     1
    Use: Scroll            |     1 |       |    11 |     9 |    12 |     9 |     1 ||    43
         Potion            |       |       |     6 |     5 |       |     2 |     5 ||    18
   Stab: Sleeping          |       |     3 |     6 |     3 |     5 |    14 |     3 ||    34
         Confused          |       |       |       |       |     7 |     6 |       ||    13
         Distracted        |       |       |       |       |     1 |       |       ||     1
 Armour: Robe              |    21 |    23 |    57 |    80 |       |       |       ||   181
         Skin              |       |       |       |     5 |       |       |       ||     5
         Troll leather arm |       |       |       |    27 |   144 |   219 |       ||   390
         Ring mail         |       |       |       |       |       |   131 |    96 ||   227
  Dodge: Dodged            |    26 |    58 |   192 |   244 |   236 |   405 |    92 ||  1253
         Repelled          |       |       |       |       |       |     3 |       ||     3
  Block: Buckler           |    10 |    10 |    76 |    76 |       |       |       ||   172
